 Dungeon Crawl Stone Soup version 0.23-a0-831-g5da158a (console) character file.

52 Duffy the Shield-Bearer (level 3, -1/34 HPs)
             Began as a Naga Fighter on Jan 23, 2019.
             Slain by a hobgoblin
             ... wielding a +0 club
              (3 damage)
             ... on level 2 of the Dungeon.
             The game lasted 00:01:05 (1232 turns).

Duffy the Shield-Bearer (Naga Fighter)              Turns: 1232, Time: 00:01:06

Health: -1/34      AC:  4    Str: 18    XL:     3   Next: 85%
Magic:  3/3        EV:  5    Int:  9    God:
Gold:   69         SH:  9    Dex: 10    Spells: 2/2 levels left

rFire    . . .     SeeInvis +   a - +0 war axe
rCold    . . .     Gourm    .   c - +0 shield
rNeg     . . .     Faith    .   b - +0 scale mail
rPois    +         Spirit   .   (no helmet)
rElec    .         Reflect  .   (no cloak)
rCorr    .         Harm     .   (no gloves)
MR       .....                  (no barding)
Stlth    ..........             (no amulet)
HPRegen  0.11/turn              (no ring)
MPRegen  0.08/turn              (no ring)

@: very slow
A: large, see invisible, deformed body, poison resistance, slowness 2, slow
metabolism 1, spit poison 1, AC +1
a: Spit Poison


You were on level 2 of the Dungeon.
You were not hungry.

You visited 1 branch of the dungeon, and saw 2 of its levels.

You collected 69 gold pieces.

Inventory:

Hand Weapons
 a - a +0 war axe (weapon)
Armour
 b - a +0 scale mail (worn)
 c - a +0 shield (worn)
Scrolls
 e - a scroll of enchant armour {unknown}
 h - a scroll of remove curse {unknown}
 i - 3 scrolls of identify {unknown}
 k - a scroll of amnesia {unknown}
 m - a scroll of teleportation {unknown}
Potions
 d - a potion of might
 j - a potion of heal wounds {unknown}
 l - 2 potions of berserk rage {unknown}
Comestibles
 f - 3 rations
 g - a chunk of flesh


   Skills:
 - Level 3.0 Fighting
 + Level 3.1 Axes
 - Level 2.4 Armour
 + Level 3.2 Shields


You had 2 spell levels left.
You didn't know any spells.
Your spell library was empty.

Dungeon Overview and Level Annotations

Branches:
Dungeon (2/15)

Altars:


Innate Abilities, Weirdness & Mutations

You cannot wear boots.
Your serpentine skin is tough. (AC +1)
You have supernaturally acute eyesight. (SInv)
Armour fits poorly on your strangely shaped body.
Your system is resistant to poisons. (rPois)
You cover ground very slowly.
You have a slow metabolism.
You can spit poison.


Message History

The leopard gecko bites you. The leopard gecko barely misses you.
You slash the leopard gecko!
You kill the leopard gecko!
Your scale mail prevents you from hitting the hobgoblin.
You have got your breath back.
You block the hobgoblin's attack.
Your shield prevents you from hitting the hobgoblin.
The hobgoblin hits you with a +0 club.
The hobgoblin hits you but does no damage.
You closely miss the hobgoblin. You block the hobgoblin's attack.
Press: ? - help, Shift-Dir - straight line, f - hobgoblin
Aim: a hobgoblin, wielding a +0 club The splash of poison hits the hobgoblin but does no damage.
The hobgoblin is poisoned.
You feel slightly more hungry.
The hobgoblin hits you but does no damage.
You completely miss the hobgoblin. You block the hobgoblin's attack.
Your shield and scale mail prevent you from hitting the hobgoblin.
You have got your breath back.
The hobgoblin hits you with a +0 club.
You die...

#)......#.##.#
####....#.##.#
####### #....#.##.#
.......
#....#.##.##.......
#...?..............
#....#.##.##.......
# #.# ....... #g#
....... #@# (......
#)# ....... ..#
....$.. #..#
#####.# #..# ..>#
##.# #..


You could see a hobgoblin.

Vanquished Creatures
  2 adders (D:2)
  A dart slug (D:2)
  2 leopard geckos
  5 goblins
  2 hobgoblins (D:1)
  5 kobolds
  A ball python (D:2)
  6 bats
  3 frilled lizards (D:1)
  6 rats
33 creatures vanquished.

Notes
Turn   | Place    | Note
-------+----------+-------------------------------------------
     0 | D:1      | Duffy the Naga Fighter began the quest for the Orb.
     0 | D:1      | Reached XP level 1. HP: 21/21 MP: 1/1
   355 | D:1      | Reached XP level 2. HP: 28/28 MP: 2/2
  1032 | D:2      | Reached XP level 3. HP: 28/34 MP: 3/3
  1232 | D:2      | Slain by a hobgoblin

Vault maps used:
D:1:      arrival_zaba_pyramid, minmay_split_cup_small

Skill      XL: |  1  2  3 |
---------------+----------+-----
Shields        | 3 |  3.2
Axes           | 3 |  3.1
Fighting       | |  3.0
Armour         | |  2.4

Action                   || total
-------------------------++-------
Melee: War axe           ||   114
 Abil: Spit Poison       ||     4
  Eat: Chunk             ||     1
Armor: Scale mail        ||    77
Dodge: Dodged            ||    37
Block: Shield            ||    70

Table legend:
 A = Non-vault XP
 B = Vault XP
 C = Vault XP percentage of total XP
 D = Non-vault monster count
 E = Vault monster count
 F = Vault count percentage of total count
                 A         B        C        D         E       F
            +---------+---------+-------+---------+---------+-------
      Total |      69 |       6 |   8.0 |      30 |       3 |   9.1
            +---------+---------+-------+---------+---------+-------
        D:1 |      22 |       6 |  21.4 |      16 |       3 |  15.8
        D:2 |      47 |       0 |   0.0 |      14 |       0 |   0.0
            +---------+---------+-------+---------+---------+-------
